 Dungeon Crawl Stone Soup version 0.30.0 (webtiles) character file.

Game seed: 15218474247543720484

429 Gibs the Cudgeller (level 6, -6/61 HPs)
             Began as a Troll Berserker on May 15, 2023.
             Was a Priest of Trog.
             Mangled by a wyvern (12 damage)
             ... on level 7 of the Dungeon.
             The game lasted 00:26:46 (2676 turns).

Gibs the Cudgeller (Troll Berserker)                Turns: 2676, Time: 00:26:46

Health: -6/61      AC:  4    Str: 26    XL:     6   Next: 66%
Magic:  5/5        EV: 15    Int:  3    God:    Trog [***...]
Gold:   158        SH:  0    Dex: 11    Spells: 5/5 levels left

rFire   . . .        B - +0 short sword (drain)
rCold   . . .        (no shield)
rNeg    . . .        d - +0 robe
rPois   .            (helmet restricted)
rElec   .            (no cloak)
rCorr   .            (gloves unavailable)
SInv    .            (boots unavailable)
Will    +++..        (no amulet)
Stlth   +            k - +5 ring of evasion
HPRegen 2.10/turn    o - ring of willpower
MPRegen 0.09/turn

%: no passive effects
@: strong-willed, regenerating
A: large, unfitting armour, claws 3, regeneration 1, shaggy fur 1, tough skin 1
a: Renounce Religion, Berserk, Trog's Hand


You were on level 7 of the Dungeon.
You worshipped Trog.
Trog was most pleased with you.
You visited 1 branch of the dungeon, and saw 6 of its levels.
You also visited: Sewer.

You collected 158 gold pieces.

Inventory:

Hand Weapons
 a - a +0 mace
 c - a +0 dagger
 f - a +1 dagger of venom
 g - a +0 short sword
 h - a +0 mace
 i - a +0 whip
 j - a +0 mace
 n - a +0 club
 B - a +0 short sword of draining (weapon)
 H - a +0 war axe
Armour
 b - a +0 animal skin
 d - a +0 robe (worn)
 l - a +0 ring mail
 t - a +0 pair of gloves
 I - a +0 helmet
 J - a +2 helmet of see invisible
Jewellery
 k - a +5 ring of evasion (left claw)
 o - a ring of willpower (right claw)
Scrolls
 e - a scroll of torment {unknown}
 q - 2 scrolls of immolation
 w - 2 scrolls of fear {unknown}
 x - 2 scrolls of enchant weapon {unknown}
 y - 3 scrolls of magic mapping {unknown}
 z - a scroll of enchant armour
 C - a scroll of brand weapon {unknown}
 E - 3 scrolls of identify
 F - a scroll of butterflies {unknown}
Potions
 m - 2 potions of invisibility
 p - 2 potions of attraction {unknown}
 r - a potion of lignification {unknown}
 s - a potion of haste {unknown}
 u - a potion of might {unknown}
 v - a potion of mutation {unknown}
 A - a potion of berserk rage {unknown}
 D - 2 potions of curing
 G - a potion of heal wounds {unknown}


   Skills:
 + Level 3.6 Fighting
 + Level 2.7 Short Blades
 + Level 3.7 Maces & Flails
 + Level 3.6 Dodging
 + Level 1.1 Stealth


You had 5 spell levels left.
You didn't know any spells.
Your spell library was empty.

Dungeon Overview and Level Annotations

Branches:
Dungeon (8/15)              Sewer (visited)
 Temple: D:4-7         Lair: D:8-11

Altars:
Okawaru
Qazlal

Shops:
D:2 (


Innate Abilities, Weirdness & Mutations

You are too large for most types of armour.
You have claws for hands.
Your natural rate of healing is unusually fast.
You are covered in fur. (AC +1)
You have tough skin. (AC +1)


Message History

There is a stone staircase leading down here.
The wyvern bites you but does no damage.
You climb downwards.
There is a stone staircase leading up here.
You barely miss the wyvern.
The steam dragon hisses angrily.
The wyvern bites you. The wyvern misses you.
You completely miss the wyvern. The wyvern misses you.
You hit the wyvern but do no damage. The wyvern closely misses you.
The wyvern bites you!
You climb upwards.
There is a stone staircase leading down here.
You hit the wyvern.
The wyvern is lightly wounded.
The wyvern closely misses you. The wyvern bites you.
You hit the wyvern but do no damage. You drain the wyvern.
The wyvern is lightly wounded.
The wyvern closely misses you.
You hit the wyvern but do no damage.
The wyvern is lightly wounded.
The wyvern bites you!
* * * LOW HITPOINT WARNING * * *
You hit the wyvern.
The wyvern is moderately wounded.
The wyvern barely misses you. x2
It was a potion of curing.
You feel better. The wyvern bites you!
* * * LOW HITPOINT WARNING * * *
Okay, then.
Nothing quivered!
Nothing quivered!
Unknown command.
Unknown command.
Your skin crawls.
You feel strong-willed. The wyvern bites you!
* * * LOW HITPOINT WARNING * * *
The wyvern completely misses you. The wyvern misses you.
The wyvern attacks as you move away! The wyvern bites you!
You die...

##.## #####...##
..#.....##
........# #.....#
#...# #>..## #l#..#
#.@..# ####.# #.#
##.## . ###.#.### #
#.#.#.#...#.#.# #
.#.#...........#.##
.....##..(..##....#
#...............#


You could see a wyvern (drained).

Vanquished Creatures
  A sky beast (D:7)
  A centaur (D:7)
  Robin (D:4)
  3 gnolls (D:3)
  4 river rats
  8 adders
  An ufetubus (D:3)
  4 worms
  2 orcs (D:3)
  6 bats
  10 endoplasms
  2 giant cockroaches
  8 hobgoblins
  2 jackals (D:3)
  5 quokkas
  5 ball pythons
  5 frilled lizards
  15 goblins
  7 kobolds
  11 rats
101 creatures vanquished.

Notes
Turn   | Place    | Note
-------+----------+-------------------------------------------
     0 | D:1      | Gibs the Troll Berserker began the quest for the Orb.
     0 | D:1      | Reached XP level 1. HP: 22/22 MP: 0/0
   174 | D:1      | Reached XP level 2. HP: 29/29 MP: 1/1
   719 | D:2      | Reached XP level 3. HP: 36/36 MP: 2/2
   750 | D:2      | Found Wuffux's Antique Weapon Boutique.
   837 | D:2      | Reached ** piety under Trog
  1066 | D:3      | Found a stormy altar of Qazlal.
  1073 | D:3      | Reached XP level 4. HP: 43/43 MP: 3/3
  1368 | D:3      | Found an iron altar of Okawaru.
  1490 | D:3      | Found a glowing drain.
  1494 | D:3      | Reached skill level 1 in Short Blades
  1502 | Sewer    | Entered a sewer
  1647 | Sewer    | Reached XP level 5. HP: 50/53 MP: 4/4
  1719 | Sewer    | Reached *** piety under Trog
  2528 | D:4      | Noticed Robin
  2564 | D:4      | Killed Robin
  2588 | D:4      | You fall into a shaft and drop 3 floors!
  2592 | D:7      | Noticed a centaur
  2601 | D:7      | Killed a centaur
  2602 | D:7      | Reached skill level 1 in Stealth
  2602 | D:7      | Reached XP level 6. HP: 59/61 MP: 5/5
  2607 | D:7      | Noticed a wyvern
  2609 | D:7      | Noticed a sky beast
  2637 | D:7      | Killed a sky beast
  2662 | D:8      | Noticed a steam dragon
  2673 | D:7      | HP: 2/61 [wyvern (9)]
  2676 | D:7      | Mangled by a wyvern

Illustrated notes

Levels and vault maps discovered:
D:1:      doesnt_arrival_eight_statues, layout_loops_ring, minmay_liquid_box,
          roderic_three_in_a_row
D:2:      layout_rooms, serial_shops, shop
D:3:      layout_basic, grunt_qazlal_sundering,
          mainiacjoe_overflow_concentric_impassable, lightli_sewer_entry_pipes
D:4:      layout_basic, uniq_robin
D:7:      nicolae_cairo_tiling_large_dashed, layout_loops_cross,
          nicolae_yredelemnul_corpse_copse, uniq_duvessa
D:8:      layout_basic, mainiacjoe_overflow_boulevard, lemuel_round_altar,
          nicolae_titane

Skill      XL: |  1  2  3  4  5 |
---------------+----------------+-----
Maces & Flails | 3 |  3.7
Fighting       | 3 |  3.6
Dodging        | 3 |  3.6
Short Blades   | 1 2 |  2.7
Stealth        | 1 |  1.1

Action                     |  1- 3 |  4- 6 || total
---------------------------+-------+-------++-------
  Melee: Mace              |    32 |       ||    32
         Dagger            |    85 |   131 ||   216
         Punch             |     1 |     3 ||     4
         Short sword       |       |   131 ||   131
 Invoke: Trog's Hand       |       |     1 ||     1
    Use: Scroll            |       |     4 ||     4
         Potion            |       |     1 ||     1
   Stab: Sleeping          |       |     2 ||     2
 Armour: Robe              |    28 |    57 ||    85
  Dodge: Dodged            |    83 |   185 ||   268
